 Dungeon Crawl Stone Soup version 0.22-a0-407-gb098539 (webtiles) character file.

889 Gorglomux the Ducker (level 8, -6/46 HPs)
             Began as a Kobold Necromancer on May 8, 2018.
             Was an Initiate of Kikubaaqudgha.
             Killed by divine providence
             ... invoked by an orc priest
              (13 damage)
             ... on level 6 of the Dungeon on May 9, 2018.
             The game lasted 00:19:30 (7338 turns).

Gorglomux the Ducker (Kobold Necromancer)           Turns: 7338, Time: 00:19:30

Health: -6/46      AC:  4    Str: 11    XL:     8   Next: 26%
Magic:  3/14       EV: 18    Int: 16    God:    Kikubaaqudgha [......]
Gold:   318        SH:  0    Dex: 17    Spells: 7/15 levels left

rFire    + . .     SeeInvis .   a - +1 dagger of Jacrio {pierce, rN+ Str+5} (curse)
rCold    + + .     Gourm    .   (shield restricted)
rNeg     + . .     Faith    .   Z - +1 robe {rC+}
rPois    .         Spirit   .   (no helmet)
rElec    .         Reflect  .   X - scarf {rC+ rF+}
rCorr    .         Harm     .   s - +0 pair of gloves
MR       .....                  (no boots)
Stlth    +++.......             n - amulet of magic regeneration
HPRegen  0.15/turn              (no ring)
MPRegen  0.39/turn              (no ring)

@: very slightly contaminated
A: small, carnivore
a: Renounce Religion


You were on level 6 of the Dungeon.
You worshipped Kikubaaqudgha.
Kikubaaqudgha was noncommittal.
You were very full.

You visited 2 branches of the dungeon, and saw 7 of its levels.

You collected 318 gold pieces.

Inventory:

Hand Weapons
 a - the cursed +1 dagger of Jacrio (weapon) {pierce, rN+ Str+5}
   (You took it off an orc on level 4 of the Dungeon)

   It inflicts extra damage upon your enemies.
   It affects your strength (+5).
   It protects you from negative energy.
   It has a curse placed upon it.
 b - a +0 hunting sling
Missiles
 k - 242 stones (quivered)
Armour
 s - a +0 pair of gloves (worn)
 X - a scarf of resistance (worn)
 Z - a +1 robe of cold resistance (worn)
Magical Staves
 S - an uncursed staff of fire {unknown}
Jewellery
 n - an amulet of magic regeneration (around neck)
Wands
 D - a wand of flame (15)
Scrolls
 M - a scroll of magic mapping
 R - 4 scrolls of identify
 T - 4 scrolls of teleportation
 Y - a scroll of fog {unknown}
Potions
 e - a potion of agility {unknown}
 g - a potion of ambrosia {unknown}
 l - 2 potions of mutation
 z - a potion of cancellation {unknown}
 B - a potion of resistance {unknown}
 Q - a potion of curing
 U - a potion of haste
 V - a potion of degeneration {unknown}
 W - 3 potions of might {unknown}
Comestibles
 c - 9 rations


   Skills:
 - Level 3.0 Fighting
 - Level 5.9 Dodging
 - Level 5.3 Stealth
 + Level 4.4 Spellcasting
 - Level 2.0 Charms
 + Level 5.5 Necromancy


You had 7 spell levels left.
You knew the following spells:

 Your Spells              Type           Power        Failure   Level  Hunger
a - Pain                  Necr           ###.         1%          1    None
b - Animate Skeleton      Necr           N/A          1%          1    None
v - Vampiric Draining     Necr           ###.......   4%          3    ###....
R - Regeneration          Chrm/Necr      ###.......   11%         3    ###....


Dungeon Overview and Level Annotations

Branches:
Dungeon (6/15)             Temple (1/1) D:4

Altars:
Ashenzari
Cheibriados
Dithmenos
Elyvilon
Fedhas
Gozag
Hepliaklqana
Kikubaaqudgha
Makhleb
Nemelex Xobeh
Okawaru
Qazlal
Ru
Sif Muna
Trog
Wu Jian
Zin
The Shining One


Innate Abilities, Weirdness & Mutations

You are small and have problems with some larger weapons.
You are carnivorous and can eat meat at any time.


Message History

The orc priest calls down the wrath of Beogh butt you!
Beogh smites you!!!
Casting: Pain (safe; 1% risk of failure)
Confirm with ! or Enter, or butts ? or * to list all spells!
Aiming: Pain (safe; 1% risk of butt)
Press: ? - help, Shift-Dir - straight line, butt/p - worker ant
Aim: a worker ant (chance to defeat MR: 86%)
The orc priest barely resists!
The orc butt barely misses you!
You are too injured to fight recklessly!!!
Casting: Butt (safe; 1% risk of failure)
Confirm with ! or Enter, or press ? or * to list all spells!
Okay, then!
The orc priest invokes the aid of Beogh against you!
Beogh smites you!!! * * * don't die
* * * You feel better!
The butt priest invokes the aid of Beogh against butt!
Beogh butts you!!! rip Kikubaaqudgha rasps: "You have failed butt!!!
Welcome!!! death!!!"

... ..# #.# # #.#
.# #.# #.#
#.##..##.#
#.#.......
#@....)..
#.#..#.## #o#...#
#a#o..# #o#...##
#####Y)..#.###..
#.......Z........
#.####........#.
#...######


You could see an ice beast, a worker ant, an orc priest and an orc.

Vanquished Creatures
  3 ogres (D:5)
  A scorpion (D:4)
  A water moccasin skeleton (D:5)
  2 crimson imps (D:5)
  An orc priest (D:3)
  A centaur skeleton (D:6)
  2 hounds (D:4)
  3 orc wizards
  Ijyb (D:4)
  An iguana (D:4)
  A worker ant (D:6)
  3 gnolls (D:2)
  5 adders
  4 worms (D:2)
  2 leopard geckos
  16 orcs
  8 bats
  6 giant cockroaches
  9 hobgoblins
  9 jackals
  3 quokkas
  A ball python (D:1)
  2 frilled lizards
  6 goblins
  2 kobolds
  11 rats
104 creatures vanquished.

Vanquished Creatures (collateral kills)
  A worm (D:3)
  An orc (D:6)
  A jackal (D:4)
3 creatures vanquished.

Grand Total: 107 creatures vanquished

Notes
Turn   | Place    | Note
-------+----------+-------------------------------------------
     0 | D:1      | Gorglomux the Kobold Necromancer began the quest for the Orb.
     0 | D:1      | Reached XP level 1. HP: 10/10 MP: 3/3
   121 | D:1      | Reached skill level 3 in Stealth
   364 | D:1      | Reached XP level 2. HP: 7/15 MP: 0/5
   367 | D:1      | Learned a level 1 spell: Animate Skeleton
   652 | D:1      | Upgraded the game from 0.22-a0-406-g9ff8d77 to 0.22-a0-407-gb098539
  1138 | D:2      | Reached XP level 3. HP: 16/19 MP: 6/6
  1505 | D:2      | Learned a level 3 spell: Vampiric Draining
  2520 | D:2      | Reached XP level 4. HP: 2/24 MP: 2/7
  2818 | D:2      | Reached skill level 1 in Fighting
  2870 | D:2      | Reached skill level 3 in Dodging
  3166 | D:2      | Reached XP level 5. HP: 12/30 MP: 4/8
  3171 | D:2      | Learned a level 3 spell: Regeneration
  3352 | D:3      | Found a sacrificial altar of Ru.
  3352 | D:3      | Found an opulent altar of Gozag.
  3618 | D:2      | Reached skill level 3 in Fighting
  3618 | D:2      | Reached XP level 6. HP: 22/37 MP: 0/9
  4920 | D:4      | Noticed Ijyb
  5020 | D:4      | Found a staircase to the Ecumenical Temple.
  5035 | Temple   | Entered the Ecumenical Temple
  5114 | Temple   | Became a worshipper of Kikubaaqudgha
  5149 | D:4      | Found an iron altar of Okawaru.
  5499 | D:4      | Got a translucent dagger {pierce}
  5500 | D:4      | Identified the cursed +1 dagger of Jacrio {pierce, rN+ Str+5} (You took it off an orc on level 4 of the Dungeon)
  5661 | D:4      | Reached XP level 7. HP: 39/41 MP: 6/10
  5670 | D:4      | Killed Ijyb
  5762 | D:4      | Found a burning altar of Makhleb.
  6073 | D:4      | Found a glowing golden altar of the Shining One.
  6190 | D:5      | Entered Level 5 of the Dungeon
  6212 | D:5      | Reached skill level 1 in Charms
  6325 | D:5      | Reached skill level 3 in Spellcasting
  7032 | D:5      | Reached XP level 8. HP: 24/46 MP: 2/13
  7337 | D:6      | HP: 1/46 [orc priest/divine providence (16)]
  7338 | D:6      | Killed from afar by an orc priest

Vault maps used:
D:1:      dpeg_arrival_tiny_c, hex_tiny
D:2:      kennysheep_generic_room_11
D:3:      gammafunk_temple_overflow_elements, first_ration,
          kennysheep_big_empty_room
D:4:      lemuel_round_altar, kennysheep_okawaru_gauntlet,
          minmay_temple_entry_junction_2, nicolae_tso_swordbearing_angel,
          uniq_ijyb
D:5:      lemuel_ice_spiral_2, minmay_stone_trees_medium
D:6:      kennysheep_mini_moat
Temple:   nicolae_temple_great_sept

Skill      XL: |  1  2  3  4  5  6  7  8 |
---------------+-------------------------+-----
Stealth        | 3 4 5 |  5.3
Fighting       | 1 3 |  3.0
Dodging        | 3 4 5 |  5.9
Charms         | 2 |  2.0
Spellcasting   | 3 4 |  4.4
Necromancy     | 5 |  5.5

Action                   |  1- 3 |  4- 6 |  7- 9 || total
-------------------------+-------+-------+-------++-------
Melee: Short sword       |     2 |    56 |       ||    58
       Dagger            |       |       |   155 ||   155
 Fire: Hunting sling     |    62 |   135 |       ||   197
 Cast: Pain              |    71 |    66 |    29 ||   166
       Animate Skeleton  |     2 |    13 |     5 ||    20
       Vampiric Draining |       |    16 |    17 ||    33
       Regeneration      |       |     1 |    10 ||    11
Evoke: Wand              |       |       |     3 ||     3
  Use: Scroll            |       |     7 |       ||     7
       Potion            |       |       |     1 ||     1
 Stab: Distracted        |       |     1 |       ||     1
       Sleeping          |       |       |     2 ||     2
  Eat: Chunk             |    12 |    15 |     9 ||    36
Armor: Robe              |     1 |    29 |    23 ||    53
Dodge: Dodged            |    18 |   172 |   141 ||   331

Table legend:
 A = Spawn XP
 B = Non-spawn XP
 C = Spawn XP percentage of total XP
 D = Spawn monster count
 E = Non-spawn monster count
 F = Spawn count percentage of total count
 G = Total turns spent on level
                    A         B        C        D         E        F      G
               +---------+---------+-------+---------+---------+-------+---------
         Total |       0 |    1270 |   0.0 |       0 |     107 |   0.0 |  7338
               +---------+---------+-------+---------+---------+-------+---------
           D:1 |       0 |      20 |   0.0 |       0 |      13 |   0.0 |  1015
           D:2 |       0 |     138 |   0.0 |       0 |      22 |   0.0 |  2314
           D:3 |       0 |     188 |   0.0 |       0 |      37 |   0.0 |  1508
           D:4 |       0 |     257 |   0.0 |       0 |      17 |   0.0 |  1262
           D:5 |       0 |     534 |   0.0 |       0 |      11 |   0.0 |  1016
           D:6 |       0 |     133 |   0.0 |       0 |       7 |   0.0 |   132
               +---------+---------+-------+---------+---------+-------+---------
